 Dungeon Crawl Stone Soup version 0.27.1-1-g398f81649c (webtiles) character file.

Game seed: 5452723463583580986

200 ABBCCCDDDD the Insei (level 5, -1/37 HPs)
             Began as an Octopode Monk on Sept 13, 2021.
             Killed from afar by an orc wizard (8 damage)
             ... with a puff of flame
             ... on level 4 of the Dungeon.
             The game lasted 00:02:48 (2921 turns).

ABBCCCDDDD the Insei (Octopode Monk)                Turns: 2921, Time: 00:02:48

Health: -1/37      AC:  1    Str: 10    XL:     5   Next: 79%
Magic:  5/5        EV: 14    Int: 14    God:
Gold:   83         SH:  0    Dex: 14    Spells: 4/4 levels left

rFire    . . .     SeeInvis .     - Unarmed
rCold    . . .     Faith    .   (no shield)
rNeg     . . .     Spirit   .   (helmet restricted)
rPois    .         Reflect  .   (no amulet)
rElec    .         Harm     .   g - ring of willpower
rCorr    .         Rampage  .   (no ring)
Will     +....                  (no ring)
Stlth    ++++......             (no ring)
HPRegen  0.12/turn              (no ring)
MPRegen  0.09/turn              (no ring)
                                (no ring)
                                (no ring)

@: brilliant
A: almost no armour, amphibious, 8 rings, camouflage 1, gelatinous body 1,
(nimble swimmer 1), tentacles
a: no special abilities


You were on level 4 of the Dungeon.
You visited 1 branch of the dungeon, and saw 4 of its levels.

You collected 83 gold pieces.

Inventory:

Missiles
 i - 5 atropa-tipped darts (quivered)
Jewellery
 g - a ring of willpower (left tentacle)
 l - a ring of fire
Scrolls
 a - 5 scrolls of identify {unknown}
 c - 2 scrolls of teleportation {unknown}
 d - a scroll of blinking {unknown}
 e - a scroll of enchant weapon {unknown}
 f - a scroll of vulnerability {unknown}
 m - 3 scrolls of immolation {unknown}
 n - a scroll of fear {unknown}
Potions
 j - a potion of haste {unknown}
 k - a potion of invisibility {unknown}
 o - a potion of magic {unknown}


   Skills:
 + Level 4.2 Fighting
 - Level 3.8 Dodging
 - Level 4.0 Stealth
 + Level 4.4 Unarmed Combat


You had 4 spell levels left.
You didn't know any spells.
Your spell library contained the following spells:

 Spells                   Type           Power      Damage    Failure   Level
 Summon Small Mammal      Summ           0%         N/A       28%         1
 Blink                    Tloc           N/A        N/A       41%         2
 Call Canine Familiar     Summ           0%         N/A       65%         3
 Lesser Beckoning         Tloc           0%         N/A       65%         3
 Summon Guardian Golem    Hex/Summ       0%         N/A       65%         3
 Manifold Assault         Tloc           0%         N/A       100%        5


Dungeon Overview and Level Annotations

Branches:
Dungeon (4/15)
 Temple: D:4-7

Altars:
Ashenzari
Beogh

Shops:
D:3 =


Innate Abilities, Weirdness & Mutations

You cannot wear most types of armour.
You are amphibious.
You can wear up to eight rings at the same time.
Your skin changes colour to match your surroundings (Stealth+).
Your rubbery body absorbs attacks. (AC +1, EV +1)
((You are camouflaged near water. (Stealth+)))
You have tentacles for arms and can constrict up to eight enemies at once.


Message History

You tentacle-slap the orc but do no damage.
Your grab misses the orc. You squeeze the orc.
The orc is moderately wounded.
The orc misses you.
The orc shouts!
You tentacle-slap the orc but do no damage.
You grab the orc.
The orc is lightly wounded.
You constrict the orc, but do no damage.
The orc closely misses you.
You tentacle-slap the orc but do no damage.
You squeeze the orc, but do no damage.
The orc is lightly wounded.
You constrict the orc, but do no damage.
The orc hits you with a +0 whip.
A hound skeleton comes into view.
You tentacle-slap the orc. You squeeze the orc.
You kill the orc!
The orc priest calls down the wrath of Beogh upon you.
Beogh smites you!
You tentacle-slap the orc wizard but do no damage.
Your grab misses the orc wizard.
The orc priest begins to cast a cantrip, but forgets the words!
The orc wizard barely misses you.
You completely miss the orc wizard. Your grab misses the orc wizard.
The orc priest invokes the aid of Beogh against you.
Beogh smites you!
* * * LOW HITPOINT WARNING * * *
The orc wizard misses you.
You are too injured to fight recklessly!
It was a potion of brilliance.
You feel clever all of a sudden.
The orc wizard hits you but does no damage.
It was a potion of curing.
You feel better.
The orc priest invokes the aid of Beogh against you.
Beogh smites you!
* * * LOW HITPOINT WARNING * * *
The orc wizard points at you and mumbles some strange words.
The puff of flame hits you!
You die...

########.#
#...........#
.........#
###########.#
####.#####
#.# #.#
########.#
#.#
#........#
#.#
#.########
#.# #.# #.#
#.# #.# #@#
#.# #o# #o#
#o# #Z# #.#
..# ###


You could see an orc priest, an orc wizard, an orc and a hound skeleton.

Levels and vault maps discovered:
D:1:      dpeg_arrival_leaves_temple_mockup, layout_loops_cross
D:2:      layout_rooms, basic_altar, hellmonk_ecumenical_altar_defaced_shrine
D:3:      layout_basic, serial_shops, shop, grunt_ministairs_5,
          minmay_tree_intersection, uniq_robin
D:4:      layout_loops_ring, kennysheep_mini

Notes
Turn   | Place    | Note
-------+----------+-------------------------------------------
     0 | D:1      | ABBCCCDDDD the Octopode Monk began the quest for the Orb.
     0 | D:1      | Reached XP level 1. HP: 16/16 MP: 1/1
   139 | D:1      | Reached XP level 2. HP: 21/21 MP: 2/2
   933 | D:2      | Reached XP level 3. HP: 25/26 MP: 3/3
  1183 | D:2      | Reached XP level 4. HP: 25/31 MP: 4/4
  1420 | D:2      | Found a broken altar of Ashenzari.
  1530 | D:2      | Found a faded altar of an unknown god.
  1753 | D:3      | Reached XP level 5. HP: 33/37 MP: 2/5
  1828 | D:3      | Found Jiavu's Jewellery Shop.
  1833 | D:3      | Noticed Robin
  1846 | D:3      | Killed Robin
  2921 | D:4      | Killed from afar by an orc wizard

Table legend: (Time is in decaauts)
 A = Elapsed time spent in this place.
 B = Non-inter-level travel time spent in this place.
 C = Inter-level travel time spent in this place.
 D = Time resting spent in this place.
 E = Time spent auto-exploring this place.
 F = Levels seen in this place.
 G = Mean time per level.
                   A        B        C        D        E       F      G
               +--------+--------+--------+--------+--------+-----+--------+
         Total |   2908 |   2824 |     84 |    343 |   2031 |   4 |  727.0 |
       Dungeon |   2908 |   2824 |     84 |    343 |   2031 |   4 |  727.0 |
               +--------+--------+--------+--------+--------+-----+--------+

Top non-repeatable levels by time:
     D:3: 1096 daAuts
     D:1: 920 daAuts
     D:2: 721 daAuts
     D:4: 170 daAuts

Table legend:
 A = Kills in this place as a percentage of kills in entire the game.
 B = Kills by you in this place as a percentage of kills by you in the entire game.
 C = Kills by friends in this place as a percentage of kills by friends in the entire game.
 D = Other kills in this place as a percentage of other kills in the entire game.
 E = Experience gained in this place as a percentage of experience gained in the entire game.
 F = Experience gained in this place divided by the number of levels of this place that you have seen.
                   A       B       C       D       E      F
               +-------+-------+-------+-------+-------+----------------------
         Total | 100.0 | 100.0 |   N/A |   N/A | 100.0 |  71.8
       Dungeon | 100.0 | 100.0 |   N/A |   N/A | 100.0 |  71.8
               +-------+-------+-------+-------+-------+----------------------

Action                   |  1- 3 |  4- 6 || total
-------------------------+-------+-------++-------
Melee: Unarmed           |    56 |   111 ||   167
       Tentacles         |    12 |    21 ||    33
       Constrict         |    17 |    28 ||    45
       Punch             |     1 |     2 ||     3
  Use: Potion            |       |     2 ||     2
 Stab: Sleeping          |     7 |    10 ||    17
Armor: Skin              |     2 |     9 ||    11
Dodge: Dodged            |    36 |    72 ||   108

Vanquished Creatures
  An orc priest (D:3)
  An orc wizard (D:3)
  Robin (D:3)
  5 adders
  7 orcs
  10 bats
  3 endoplasms
  4 giant cockroaches
  15 goblins
  11 hobgoblins
  9 ball pythons
  2 frilled lizards (D:3)
  5 kobolds
  7 rats
81 creatures vanquished.
